 Dungeon Crawl Stone Soup version 0.31-a0-841-g038b102fc3 (webtiles) character file.

Game seed: 15583790763231386896

53 Aneyh the Poker (level 3, -2/23 HPs)
             Began as a Tengu Monk on Sept 28, 2023.
             Slain by an adder (3 damage)
             ... on level 2 of the Dungeon.
             The game lasted 00:01:33 (1239 turns).

Aneyh the Poker (Tengu Monk)                        Turns: 1239, Time: 00:01:34

Health: -2/23      AC:  2    Str: 13    XL:     3   Next: 89%
Magic:  4/4        EV: 13    Int: 10    God:
Gold:   66         SH:  0    Dex: 16    Spells: 2/2 levels left

rFire   . . .        a - +0 trident
rCold   . . .        (no shield)
rNeg    . . .        h - +0 robe
rPois   .            (helmet restricted)
rElec   .            (no cloak)
rCorr   .            (no gloves)
SInv    .            (boots unavailable)
Will    .....        (no amulet)
Stlth   +            (no ring)
HPRegen 0.23/turn    (no ring)
MPRegen 0.09/turn

%: acrobat
@: lethally poisoned (-2 -> -4)
A: beak, talons 3, acrobatic
a: no special abilities


You were on level 2 of the Dungeon.
You visited 1 branch of the dungeon, and saw 2 of its levels.

You collected 66 gold pieces.

Inventory:

Hand Weapons
 a - a +0 trident (weapon)
 b - a +0 sling
 p - a +0 spear
Armour
 d - an orb of light
 h - a +0 robe (worn)
Jewellery
 l - an amulet of faith
Wands
 r - a wand of polymorph (3)
Scrolls
 e - 4 scrolls of identify {unknown}
 f - 2 scrolls of teleportation {unknown}
 i - a scroll of noise {unknown}
 j - a scroll of immolation {unknown}
 k - a scroll of enchant weapon {unknown}
 n - a scroll of amnesia {unknown}
 s - a scroll of silence {unknown}
Potions
 c - a potion of ambrosia
 g - a potion of haste {unknown}
 m - a potion of might {unknown}
 o - a potion of curing {unknown}
 q - a potion of mutation {unknown}


   Skills:
 - Level 3.0 Fighting
 + Level 5.1 Polearms
 - Level 3.2 Dodging


You had 2 spell levels left.
You didn't know any spells.
Your spell library contained the following spells:

 Spells                   Type           Power      Damage    Failure   Level
 Inner Flame              Hex/Fire       0%         N/A       75%         3
 Yara's Violent Unravell  Hex/Tmut       0%         3d3       100%        5
 Enfeeble                 Hex            0%         N/A       100%        7


Dungeon Overview and Level Annotations

Branches:
Dungeon (2/15)

Altars:


Innate Abilities, Weirdness & Mutations

You have a beak for a mouth.
You have claws for feet.
You can magically evade attacks while moving or waiting.


Message History

You hear an angry hiss.
The bat closely misses you.
You shoot a sling bullet. The sling bullet hits the dart slug.
The dart slug is heavily wounded.
The bat hits you but does no damage. The dart slug closely misses you.
The adder bites you.
You are poisoned.
The adder poisons you!
You shoot a sling bullet. The sling bullet hits the dart slug.
The dart slug is severely wounded.
You feel sick. The bat closely misses you.
A rat comes into view.
The adder bites you but does no damage. The dart slug launches a dart at you.
The slug dart hits you.
a - a +0 trident (weapon)
The bat hits you. The adder bites you.
You hit the dart slug. You claw the dart slug.
You kill the dart slug!
You feel sick. The bat closely misses you. The adder closely misses you.
Unknown command.
You miss the adder. Your peck misses the adder.
You feel sick.
You are no longer poisoned.
The adder bites you.
You are poisoned.
The adder poisons you! The bat hits you. The rat bites you.
The adder bites you but does no damage.
You closely miss the adder. You claw the adder. You peck the adder.
The adder is almost dead.
You feel sick. The bat barely misses you. The bat hits you but does no damage.
The hobgoblin barely misses you. The rat closely misses you.
The adder bites you but does no damage. The bat barely misses you.
You closely miss the adder. You claw the adder, but do no damage.
The adder is almost dead.
You feel sick. The bat misses you. The adder bites you but does no damage.
The rat bites you but does no damage.
The hobgoblin hits you from afar with a +0 spear.
* * * LOW HITPOINT WARNING * * *
The adder bites you.
You die...

#.###.########.....## #.#
#†# #.....### #.# #.#####
#.......# ###.###.....##
#.......#
#...#........###.......#
#.#...######...#.......#
##...###....###.........#
#...## ......S##........#
#...# #..gr@#........#
#..## #.....#b##.......#
#..# ..)!. #..#.......#
#..# .$## #..#.......#
#..# . #....####### #..#
#....# #..## ##....#
#...# #####.....# #.#.##
.........##


You could see an adder, a hobgoblin, a bat and a rat.

Vanquished Creatures
  An adder (D:2)
  A dart slug (D:2)
  2 ball pythons
  6 bats
  6 endoplasms
  A giant cockroach (D:2)
  7 goblins
  2 kobolds (D:1)
  4 quokkas
  3 frilled lizards (D:2)
  3 rats
36 creatures vanquished.

Notes
Turn   | Place    | Note
-------+----------+-------------------------------------------
     0 | D:1      | Aneyh the Tengu Monk began the quest for the Orb.
     0 | D:1      | Reached XP level 1. HP: 14/14 MP: 2/2
   233 | D:1      | Reached XP level 2. HP: 19/19 MP: 3/3
   244 | D:1      | Reached skill level 4 in Polearms
   672 | D:2      | Reached XP level 3. HP: 22/23 MP: 4/4
  1019 | D:2      | Reached skill level 5 in Polearms
  1239 | D:2      | HP: 1/23 [hobgoblin/+0 spear (5)]
  1239 | D:2      | Slain by an adder

Illustrated notes

Levels and vault maps discovered:
D:1:      giann_forest_graveyard, layout_basic, serial_curves, eino_curves_02,
          eino_curves_01, eino_curves_02, eino_curves_01,
          nicolae_figureground_sparkle
D:2:      layout_basic, minmay_randomly_rotated_circles

Skill      XL: |  1  2  3 |
---------------+----------+-----
Polearms       | 4 5 |  5.1
Fighting       | |  3.0
Dodging        | |  3.2

Action                     || total
---------------------------++-------
  Melee: Spear             ||    44
         Kick              ||    12
         Peck              ||     6
         Trident           ||     4
   Fire: Sling             ||    58
   Stab: Sleeping          ||     3
 Armour: Robe              ||    37
  Dodge: Dodged            ||    41

Table legend: (Time is in decaauts)
 A = Elapsed time spent in this place.
 B = Non-inter-level travel time spent in this place.
 C = Inter-level travel time spent in this place.
 D = Time resting spent in this place.
 E = Time spent auto-exploring this place.
 F = Levels seen in this place.
 G = Mean time per level.
                   A        B        C        D        E       F      G
               +--------+--------+--------+--------+--------+-----+--------+
         Total |   1249 |   1240 |      9 |     33 |    974 |   2 |  624.5 |
       Dungeon |   1249 |   1240 |      9 |     33 |    974 |   2 |  624.5 |
               +--------+--------+--------+--------+--------+-----+--------+

Top non-repeatable levels by time:
     D:1: 662 daAuts
     D:2: 587 daAuts
